cohdb
Replays
Latest Replays
All Replays
Popular Replays
Top Player Replays
Match Explorer
How It Works
Community
CoH3 Stats
Reddit
Sign in to upload your games and track your stats! →
Sign in with Steam
Match 41992201
Unlisted
Match 41992201
Overview
Messages
Build Orders
End
Kettenkrad Recon Vehicle
Construct Infanterie Kompanie
Selects Terror Battlegroup
Selects Machine Gun Camouflage
MG 42 Machine Gun Team
MG 42 Machine Gun Team
Grenadier Squad
GrW 34 Mortar Team
Construct Luftwaffe Kompanie
MG 42 Machine Gun Team
221 Scout Car
Jäger Squad
Selects Defend the Fatherland
Pioneer Squad
Flak 30 Anti-aircraft Gun Team
Medical Bunker
Support Elements
Wirbelwind Flakpanzer
Pioneer Squad
Medical Bunker
Selects King Tiger Heavy Tank
King Tiger Heavy Tank
Grenadier Squad
Wirbelwind Flakpanzer
Forward Retreat Point
Selects Contempt for the Weak
Marder III M Tank Destroyer
Repair Bunker
Grenadier Squad
RECACE
simiver
소아성애자 다니엘 D
내 친구 말이 맞아요
STALKER4732
Warheads
Qatheeb al-Akbar
jaws2005
0
0
Comments
sign in to comment!
No comments posted yet!